 Dungeon Crawl Stone Soup version bcrawl-1.40.3b (webtiles) character file.

Game seed: 845812638840096924

451979 Finalfun the Warrior (level 13, -3/116 HPs)
             Began as a Demonspawn Archaeologist on Mar 23, 2024.
             Was an Initiate of Gozag.
             Shot with an arrow by a satyr (19 damage)
             ... on level 5 of the Lair of Beasts.
             The game lasted 00:27:49 (14364 turns).

Finalfun the Warrior (Demonspawn Archaeologist)    Turns: 14364, Time: 00:27:50

Health: -3/116     AC: 31    Str: 18    XL:     13   Next: 18%
Magic:  0/15       EV:  9    Int: 15    God:    Gozag
Gold:   3291       SH:  0    Dex: 11    Spells: 12/12 levels left

rFire    . . .     GDR:     31% a - +7 demon trident (vamp)
rCold    . . .     SeeInvis .   (no shield)
rNeg     . . .     Gourm    .   h - +15 Maxwell's patent armour {-Cast -Tele rElec MR+ rCorr}
rPois    +         Faith    .   Y - +2 hat
rElec    +         Spirit   +   (no cloak)
rCorr    +         Reflect  .   (gloves unavailable)
MR       ++...     NoTele   +   (boots unavailable) Stlth ..........NoCast +
                                (no amulet)
HPRegen  0.29/turn              t - ring of protection from magic
MPRegen  0.28/turn              E - ring of poison resistance

@: afraid
A: claws 3, horns 1, talons 3, spiny 1, magic shield, magic regeneration
a: Potion Petition, Call Merchant, Bribe Branch, Renounce Religion


You were on level 5 of the Lair of Beasts.
You worshipped Gozag.
Gozag was most pleased with you.
You were not hungry.

You visited 3 branches of the dungeon, and saw 15 of its levels.
You also visited: Ossuary.

You collected 3407 gold pieces.
You paid 116 gold pieces to Gozag.

Inventory:

Hand Weapons
 a - a +7 vampiric demon trident (weapon)
 b - a +0 blowgun
Missiles
 f - 6 curare-tipped needles
 g - 160 javelins
 l - 47 needles of frenzy {=f}
 o - 2423 stones
 u - 178 poisoned needles
 w - 1475 arrows
 y - 155 steel javelins
 B - 127 poisoned tomahawks (quivered)
 F - 15 needles of confusion
 P - a throwing net {=f}
Armour
 h - the +15 Maxwell's patent armour (worn) {-Cast -Tele rElec MR+ rCorr}
   (You acquired it on level 3 of the Dungeon)

   It insulates you from electricity.
   It affects your resistance to hostile enchantments.
   It prevents spellcasting.
   It prevents most forms of teleportation.
   It provides partial protection from all sources of acid and corrosion.
 Y - a +2 hat (worn)
Jewellery
 s - a +8 ring of dexterity
 t - a ring of protection from magic (left claw)
 E - a ring of poison resistance (right claw)
 N - an uncursed ring of see invisible
 S - the ring of Gah Rusk {+Fly rN+}
   (You found it on level 2 of the Lair of Beasts)

   [ring of flight]

   It protects you from negative energy.
   It lets you fly.
Wands
 I - a wand of polymorph (14)
 O - a wand of iceblast (7)
 U - a wand of flame (29)
 X - a wand of paralysis (7)
Scrolls
 i - 2 scrolls of identify
 j - 12 scrolls of remove curse
 n - 2 scrolls of noise {unknown}
 q - 5 scrolls of amnesia
 r - 4 scrolls of enchant armour {unknown}
 v - 6 scrolls of blinking
 A - 5 scrolls of teleportation {unknown}
 G - a scroll of immolation {unknown}
 L - 4 scrolls of fear {unknown}
 Q - a scroll of fog {unknown}
 V - a scroll of vulnerability {unknown}
Potions
 c - 2 potions of agility
 k - 3 potions of flight
 m - 2 potions of brilliance
 p - a potion of cancellation
 x - 5 potions of curing
 z - a potion of haste
 C - a potion of berserk rage
 D - 3 potions of magic
 H - a potion of heal wounds
 J - 4 potions of ambrosia
 K - a potion of lignification
 M - a potion of mutation
 W - a potion of might
Miscellaneous
 R - a lightning rod (4/4)
 T - a sack of spiders
Comestibles
 e - 8 rations {!d}


   Skills:
 - Level 15.2 Fighting
   Level 0.8 Maces & Flails
 * Level 6.5 Polearms
 - Level 9.0 Armour
 - Level 9.6 Dodging
 - Level 3.0 Stealth
 + Level 3.7 Evocations


You had 12 spell levels left.
You didn't know any spells.
Your spell library contained the following spells:

 Spells                   Type           Power        Failure   Level  Hunger
 Infusion                 Chrm           #.......     100%        1    None
 Ensorcelled Hibernation  Hex/Ice        #.....       100%        2    ####...
 Song of Slaying          Chrm           #.......     100%        2    ####...
 Swiftness                Chrm/Air       #.......     100%        2    ####...
 Ozocubu's Armour         Chrm/Ice       #.......     100%        3    #####..
 Regeneration             Chrm/Necr      #.........   100%        3    #####..
 Spectral Weapon          Hex/Chrm       #.......     100%        3    #####..
 Iskenderun's Battlesphe  Conj/Chrm      #.......     100%        5    #######
 Piercing Shot            Chrm           #.........   100%        5    #######
 Steam Barrier            Chrm/Fire      #.........   100%        5    #######
 Borgnjor's Vile Clutch   Necr/Erth      #.........   100%        6    #######
 Darkness                 Hex            #.........   100%        6    #######
 Infestation              Hex/Tmut/Pois  #........    100%        6    #######
 Shadow Creatures         Summ           N/A          100%        7    #######
 Time Stop                Chrm/Tloc      N/A          100%        8    #######


Dungeon Overview and Level Annotations

Branches:
Dungeon (9/12)             Temple (1/1) D:5            Lair (5/6) D:9
 Shoals (0/3) Lair:3       Spider (0/3) Lair:4       Forest (0/3) Lair:5
    Orc: D:8-11

Altars:
Ashenzari
Cheibriados
Gozag
Hepliaklqana
Lugonu
Qazlal
Ru
Sif Muna
Trog
Uskayaw
Vehumet
Wu Jian
Xom
Yredelemnul

Annotations:
D:7 3 runed translucent doors, polpettosauro's ghost, novice MiBe; rumpelstilzz's ghost, novice TrWr; yrara's ghost, novice DsFi
D:9 2 transporters, rumpelstilzz's ghost, novice TrWr
Lair:1 1 runed translucent door, rumpelstilzz's ghost, novice TrWr


Innate Abilities, Weirdness & Mutations

You have claws for hands.
You have a pair of small horns on your head.
You have claws for feet.
You are partially covered in sharp spines.
When hurt, damage is shared between your health and your magic reserves.
You regenerate magic rapidly.


Message History

The komodo dragon bites you.
The spriggan rider hits you but does no damage.
The satyr shoots an arrow.
The arrow hits you!!
Attack whom?
Press: ? - help, Dir - move target cursor, f/p - satyr
Aim: a satyr, wielding a +0 longbow and quivering 101 arrows (lightly wounded, inspiring fear)
You closely miss the satyr. You claw the satyr.
The satyr is lightly wounded.
The komodo dragon bites you but does no damage.
The spriggan rider closely misses you.
The spriggan rider unwields a +0 blowgun.
The spriggan rider wields a +1 spear of venom.
It begins to drip with poison!
The spriggan rider hits you with a +1 spear of venom!
* * * LOW HITPOINT WARNING * * *
The spriggan rider hits you from afar with a +0 spear!
* * * LOW HITPOINT WARNING * * *
The satyr shoots an arrow.
The arrow hits you!!
You die...
Your body crumbles into a pile of gold.

≈≈≈.♣..... .........$
........>... ........# ......P.P.
. ......#### #..♣.♣...♣.♣
.....###.####..........♣
..+...#P..............♣
P#..............ii....
###..P....# #..icl.#
###...#...###...@..#
#PP..##...##.......# .....#...#
#.......#. ........## #........#
......#.P####..........
.................................
.............<......<............
.................................
.................................


You could see a satyr, 3 spriggan riders and a komodo dragon.

Vanquished Creatures
  Rupert (Lair:3)
  Erolcha (D:9)
  2 hydras
  Psyche (D:8)
  A two-headed ogre (D:9)
  A fire crab (Lair:4)
  An unseen horror (D:9)
  A wolf spider (Lair:4)
  An ugly thing (D:9)
  4 elephants (Lair:2)
  A black mamba (Lair:3)
  A torpor snail (Lair:3)
  A merfolk siren (Lair:3)
  A cane toad (shapeshifter) (D:8)
  8 cane toads
  A rime drake (Lair:4)
  A jumping spider (Lair:4)
  5 komodo dragons
  2 polar bears
  A troll (D:9)
  A hornet (D:7)
  Grinder (D:5)
  Prince Ribbit (D:9)
  6 dream sheep (Lair:5)
  3 hippogriffs
  A meliai zombie (D:9)
  A spriggan (D:7)
  A wyvern (D:8)
  23 yaks
  A basilisk (Lair:5)
  2 redbacks (Lair:4)
  3 steam dragons (D:6)
  4 water moccasins
  7 crocodiles
  Duvessa (D:7)
  6 ice beasts
  7 porcupines
  2 black bears
  2 orc warriors
  3 sky beasts
  A necrophage (D:8)
  12 wolves
  A phantom (D:7)
  8 ogres
  14 bullfrogs
  2 elf zombies (Ossuary)
  2 kobold brigands
  A water moccasin zombie (D:7)
  Dowan (D:7)
  3 scorpions (D:9)
  A hornet simulacrum (D:8)
  3 wights (D:8)
  A howler monkey (D:8)
  3 electric eels
  5 orc priests
  4 crimson imps
  A hound (D:4)
  10 orc wizards
  4 bullfrog skeletons
  4 human zombies (Ossuary)
  4 iguanas
  3 jellies
  Jessica (D:2)
  7 hell rats (Lair:4)
  5 worker ants
  2 hound zombies (Ossuary)
  3 mummies (Ossuary)
  2 worker ant zombies
  Robin (D:2)
  A centaur zombie (Ossuary)
  A howler monkey zombie (D:3)
  10 adders
  3 shadow imps
  A white imp (D:8)
  2 oozes
  2 ufetubi (D:8)
  4 adder zombies
  2 worms
  A dart slug (D:2)
  2 adder simulacra (D:8)
  2 leopard geckos
  30 orcs
  6 bats
  4 giant cockroaches
  A gnoll zombie (Ossuary)
  12 goblins
  7 hobgoblins
  8 jackals
  2 quokkas
  A ball python (D:1)
  2 frilled lizards
  4 goblin zombies (Ossuary)
  3 hobgoblin zombies (Ossuary)
  3 jackal zombies (Ossuary)
  18 kobolds
  4 kobold zombies (Ossuary)
  2 orc zombies (Ossuary)
  A quokka skeleton (D:3)
  4 quokka zombies (Ossuary)
  5 rats
  3 rat zombies (Ossuary)
372 creatures vanquished.

Vanquished Creatures (others)
  35 fungi
  23 plants
58 creatures vanquished.

Grand Total: 430 creatures vanquished

Notes
Turn   | Place    | Note
-------+----------+-------------------------------------------
     0 | D:1      | Finalfun the Demonspawn Archaeologist began the quest for
                  | the Orb.
     0 | D:1      | Reached XP level 1. HP: 15/15 MP: 1/1
    82 | D:1      | Reached skill level 2 in Fighting
    95 | D:1      | Gained mutation: You have sharp fingernails. [demonic
                  | ancestry]
    95 | D:1      | Reached XP level 2. HP: 8/22 MP: 2/2
   610 | D:1      | Reached skill level 3 in Fighting
   657 | D:1      | Gained mutation: You have a pair of small horns on your
                  | head. [demonic ancestry]
   657 | D:1      | Reached XP level 3. HP: 22/29 MP: 3/3
  1203 | D:2      | Found a glowing silver altar of Zin.
  1206 | D:2      | Found a bloodstained altar of Trog.
  1206 | D:2      | Noticed Robin
  1227 | D:2      | Killed Robin
  1313 | D:2      | Found a shimmering blue altar of Sif Muna.
  1365 | D:2      | Found a snail-covered altar of Cheibriados.
  1381 | D:2      | Noticed Jessica
  1467 | D:2      | Reached skill level 4 in Fighting
  1467 | D:2      | Gained mutation: You have very sharp fingernails. [demonic
                  | ancestry]
  1467 | D:2      | Reached XP level 4. HP: 34/37 MP: 4/4
  1521 | D:2      | Killed Jessica
  1928 | D:3      | Gained mutation: You have sharp toenails. [demonic
                  | ancestry]
  1928 | D:3      | Reached XP level 5. HP: 43/43 MP: 5/5
  1928 | D:3      | Identified a scroll of acquirement
  1929 | D:3      | Found the +15 Maxwell's patent armour {-Cast -Tele rElec
                  | MR+ rCorr}
  1941 | D:3      | Noticed an ogre
  1948 | D:3      | Killed an ogre
  1949 | D:3      | Reached skill level 5 in Fighting
  2185 | D:3      | Reached skill level 6 in Fighting
  2214 | D:3      | Gained mutation: You have razor-sharp toenails. [demonic
                  | ancestry]
  2214 | D:3      | Reached XP level 6. HP: 52/52 MP: 6/6
  2586 | D:3      | Found a basalt altar of Yredelemnul.
  2587 | D:3      | Found a hide-covered altar of Uskayaw.
  3031 | D:4      | Reached skill level 1 in Polearms
  3406 | D:4      | Found a shattered altar of Ashenzari.
  3418 | D:4      | Reached skill level 7 in Fighting
  3514 | D:4      | Gained mutation: You have claws for hands. [demonic
                  | ancestry]
  3514 | D:4      | Reached XP level 7. HP: 60/60 MP: 7/7
  3664 | D:5      | Entered Level 5 of the Dungeon
  3934 | D:5      | Noticed Grinder
  3967 | D:5      | Killed Grinder
  3968 | D:5      | Reached skill level 8 in Fighting
  3968 | D:5      | Gained mutation: When hurt, damage is shared between your
                  | health and your magic reserves. [demonic ancestry]
  3968 | D:5      | Reached XP level 8. HP: 61/68 MP: 8/8
  4035 | D:5      | Reached skill level 9 in Fighting
  4371 | D:5      | Found a staircase to the Ecumenical Temple.
  4389 | Temple   | Entered the Ecumenical Temple
  4396 | Temple   | Became a worshipper of Gozag Ym Sagoz the Greedy
  4793 | D:6      | Found a white marble altar of Elyvilon.
  4796 | D:6      | Reached skill level 10 in Fighting
  5068 | D:6      | Reached XP level 9. HP: 70/79 MP: 6/9
  5267 | D:6      | Found a hazy altar of Hepliaklqana.
  5340 | D:6      | Reached skill level 11 in Fighting
  5711 | D:7      | Found a runed translucent gate.
  5712 | D:7      | Found a runed translucent gate.
  5712 | D:7      | Found a runed translucent gate.
  5947 | D:7      | Noticed Dowan
  5956 | D:7      | Killed Dowan
  5956 | D:7      | Noticed Duvessa
  5975 | D:7      | Killed Duvessa
  5976 | D:7      | Reached skill level 12 in Fighting
  6142 | D:7      | Found a runed door.
  6356 | D:7      | Noticed yrara's ghost (novice DsFi)
  6356 | D:7      | Noticed polpettosauro's ghost (novice MiBe)
  6356 | D:7      | Noticed rumpelstilzz's ghost (novice TrWr)
  6739 | D:8      | Reached skill level 1 in Armour
  6743 | D:8      | Found a sand-covered staircase.
  6752 | Ossuary  | Entered an ossuary
  7274 | D:8      | Gained mutation: You are partially covered in sharp spines.
                  | [demonic ancestry]
  7274 | D:8      | Reached XP level 10. HP: 91/91 MP: 10/10
  7382 | D:8      | Noticed Psyche
  7408 | D:8      | Killed Psyche
  7579 | D:8      | Reached skill level 13 in Fighting
  7713 | D:8      | Reached skill level 5 in Dodging
  8099 | D:8      | Noticed a cane toad
  8107 | D:8      | Killed a cane toad
  8302 | D:9      | Noticed a red ugly thing
  8326 | D:9      | Killed a purple ugly thing
  8471 | D:9      | Reached skill level 5 in Armour
  8500 | D:9      | Noticed a two-headed ogre
  8637 | D:9      | Found a transporter.
  8658 | D:9      | Reached XP level 11. HP: 85/97 MP: 11/11
  8704 | D:9      | Noticed Erolcha
  8726 | D:9      | Killed Erolcha
  8976 | D:9      | Found a stormy altar of Qazlal.
  9101 | D:9      | Killed a two-headed ogre
  9210 | D:9      | Noticed rumpelstilzz's ghost (novice TrWr)
  9211 | D:9      | Noticed a storm dragon
  9259 | D:9      | Found a staircase to the Lair.
  9497 | D:9      | Found a shimmering altar of Xom.
  9523 | D:9      | Found a sacrificial altar of Ru.
  9530 | D:9      | Found a shimmering altar of Xom.
  9534 | D:9      | Found a shimmering altar of Xom.
  9541 | D:9      | Noticed an unseen horror
  9557 | D:9      | Killed an unseen horror
  9558 | D:9      | Reached skill level 14 in Fighting
  9651 | D:9      | Found a transporter.
  9668 | D:9      | Noticed Prince Ribbit
  9704 | D:9      | Found a radiant altar of Vehumet.
  9768 | D:9      | Found a corrupted altar of Lugonu.
  9922 | D:9      | Killed Prince Ribbit
  9944 | Lair:1   | Entered Level 1 of the Lair of Beasts
 10026 | Lair:1   | Found a runed translucent door.
 10026 | Lair:1   | Found a shimmering altar of Xom.
 10026 | Lair:1   | Noticed rumpelstilzz's ghost (novice TrWr)
 10026 | Lair:1   | Noticed a +5 rapier of chaos
 10690 | Lair:2   | Got a fine brass ring
 11232 | Lair:2   | Gained mutation: You have claws for feet. [demonic
                  | ancestry]
 11232 | Lair:2   | Reached XP level 12. HP: 89/108 MP: 10/12
 12373 | Lair:3   | Reached skill level 15 in Fighting
 12420 | Lair:3   | Noticed Rupert
 12456 | Lair:3   | Killed Rupert
 12663 | Lair:3   | Identified the ring of Gah Rusk {+Fly rN+} (You found it on
                  | level 2 of the Lair of Beasts)
 12668 | Lair:3   | Identified the ring "Alushim" {*Contam rElec Dex+6} (You
                  | acquired it on level 3 of the Lair of Beasts)
 12881 | Lair:3   | Found a staircase to the Shoals.
 12943 | Lair:3   | Reached skill level 1 in Evocations
 13119 | Lair:3   | Noticed a five-headed hydra
 13128 | Lair:3   | Killed a five-headed hydra
 13129 | Lair:3   | Reached skill level 5 in Polearms
 13265 | Lair:4   | Noticed an eight-headed hydra
 13272 | Lair:4   | Killed an eight-headed hydra
 13520 | Lair:4   | Gained mutation: You regenerate magic rapidly. [demonic
                  | ancestry]
 13520 | Lair:4   | Reached XP level 13. HP: 97/116 MP: 10/14
 13646 | Lair:4   | Found a hole to the Spider Nest.
 14356 | Lair:5   | Found a staircase to the Spriggan Forest.
 14364 | Lair:5   | Shot with an arrow by a satyr

Skill      XL: |  1  2  3  4  5  6  7  8  9 10 11 12 13 |
---------------+----------------------------------------+-----
Fighting       | 2 3 4 6 7 8 10 12 13 14 15 | 15.2
Polearms       | 2 4 5 6 |  6.5
Armour         | 2 5 7 9 |  9.0
Dodging        | 3 6 8 9 |  9.6
Evocations     | 2 3 |  3.7
Maces & Flails | |  0.8
Stealth        | |  3.0

Action                   |  1- 3 |  4- 6 |  7- 9 | 10-12 | 13-15 || total
-------------------------+-------+-------+-------+-------+-------++-------
Melee: Whip              |   187 |   211 |       |       |       ||   398
       Headbutt          |    10 |    39 |   115 |   184 |     7 ||   355
       Spear             |       |    57 |   542 |   752 |       ||  1351
       Kick              |       |       |       |    76 |     5 ||    81
       Demon trident     |       |       |       |    54 |    51 ||   105
Throw: Stone             |    25 |       |    15 |     1 |       ||    41
       Javelin           |       |       |       |     2 |       ||     2
       Tomahawk          |       |       |       |     4 |     5 ||     9
Evoke: Wand              |       |       |       |     5 |       ||     5
       Lightning rod     |       |       |       |     4 |       ||     4
       Sack of spiders   |       |       |       |     1 |       ||     1
  Use: Scroll            |     3 |     3 |     3 |    19 |       ||    28
       Potion            |     1 |       |     1 |     6 |       ||     8
 Stab: Sleeping          |     2 |       |       |       |       ||     2
       Invisible         |       |       |     2 |     9 |       ||    11
       Distracted        |       |       |     2 |     3 |       ||     5
  Eat: Chunk             |     8 |    11 |     4 |       |       ||    23
       Ration            |       |     1 |     5 |    13 |     1 ||    20
Armor: Robe              |    43 |       |       |       |       ||    43
       Ring mail         |    34 |    15 |       |       |       ||    49
       Plate armour      |       |   236 |   330 |   472 |    33 ||  1071
Dodge: Dodged            |   111 |    75 |    74 |   217 |    12 ||   489
